PAA
TACOMA FUR TRADERS @ CASPER GHOSTS
07/28/2025
 
TOP OF THE 1ST
Tacoma Fur Traders batting - Pitching for Casper Ghosts : RHP Jeremy de Vos
Pitching: RHP Jeremy de Vos
Batting: RHB Andy Moore 0-0: Bunt missed!
0-1: Ball
1-1: Ball
2-1: Foul Ball, location: 2F
2-2: Foul Ball, location: 2F
2-2: Foul Ball, location: 2F
2-2: Foul Ball, location: 2F
2-2: Ball
3-2: Reached on error, E5 (Groundball, 5)
Batting: RHB Jenkins Hall 0-0: Called Strike
0-1: Called Strike
0-2: Ball
1-2: Strikes out swinging
Batting: RHB Rubén Alvarado 0-0: Ball
1-0: Swinging Strike
1-1: Called Strike
1-2: Ball
2-2: Foul Ball, location: 2F
2-2: Strikes out swinging
Batting: RHB Luis Flores 0-0: Ball
1-0: Called Strike
1-1: Ball
2-1: Swinging Strike
2-2: Fly out, F7 (Flyball, 7LSF)
Top of the 1st over - 0 run(s), 0 hit(s), 1 error(s), 1 left on base; Tacoma 0 - Casper 0
BOTTOM OF THE 1ST
Casper Ghosts batting - Pitching for Tacoma Fur Traders : RHP Woo-suk Cho
Pitching: RHP Woo-suk Cho
Batting: RHB Henry Appleby 0-0: Ball
1-0: Swinging Strike
1-1: Ball
2-1: Foul Ball, location: 2F
2-2: Fly out, F7 (Line Drive, 78M)
Batting: RHB Warner Robinson 0-0: Ball
1-0: Ball
2-0: Foul Ball, location: 2F
2-1: Ground out 4-3 (Groundball, 4)
Batting: SHB Tim Fowler 0-0: Called Strike
0-1: Ball
1-1: Ball
2-1: Fly out, F9 (Flyball, 9LD)
Bottom of the 1st over - 0 run(s), 0 hit(s), 0 error(s), 0 left on base; Tacoma 0 - Casper 0
TOP OF THE 2ND
Tacoma Fur Traders batting - Pitching for Casper Ghosts : RHP Jeremy de Vos
Batting: RHB Iván Rodríguez 0-0: Ball
1-0: Called Strike
1-1: Fly out, F8 (Flyball, 78M)
Batting: LHB Michael Whorton 0-0: Foul Ball, location: 2F
0-1: Ball
1-1: Swinging Strike
1-2: Ground out 4-3 (Groundball, 4)
Batting: RHB Tim Lehman 0-0: SINGLE (Groundball, 34D)
Batting: RHB Rex Long 0-0: Ground out 5-3 (Groundball, 56S)
Top of the 2nd over - 0 run(s), 1 hit(s), 0 error(s), 1 left on base; Tacoma 0 - Casper 0
BOTTOM OF THE 2ND
Casper Ghosts batting - Pitching for Tacoma Fur Traders : RHP Woo-suk Cho
Batting: RHB Manny Maltby 0-0: Ball
1-0: Called Strike
1-1: Fly out, F6 (Line Drive, 6)
Batting: SHB José Juárez 0-0: Ball
1-0: Ball
2-0: Ball
3-0: Called Strike
3-1: Called Strike
3-2: Base on Balls
Batting: RHB Félix Ramos 0-0: Foul Ball, location: 2F
0-1: Foul Ball, location: 2F
0-2: Ball
1-2: Grounds into double play, 6-4-3 (Groundball, 6)
Bottom of the 2nd over - 0 run(s), 0 hit(s), 0 error(s), 0 left on base; Tacoma 0 - Casper 0
TOP OF THE 3RD
Tacoma Fur Traders batting - Pitching for Casper Ghosts : RHP Jeremy de Vos
Batting: SHB Vicente Pueblo 0-0: Called Strike
0-1: Fly out, F3 (Line Drive, 3)
Batting: RHB Andy Moore 0-0: Bunt for hit - play at first, batter OUT! 2-3
Batting: RHB Jenkins Hall 0-0: Foul Ball, location: 2F
0-1: Foul Ball, location: 2F
0-2: Ground out U3 (Groundball, 3)
Top of the 3rd over - 0 run(s), 0 hit(s), 0 error(s), 0 left on base; Tacoma 0 - Casper 0
BOTTOM OF THE 3RD
Casper Ghosts batting - Pitching for Tacoma Fur Traders : RHP Woo-suk Cho
Batting: RHB Dave Young 0-0: Swinging Strike
0-1: Ball
1-1: Ball
2-1: Swinging Strike
2-2: Strikes out swinging
Batting: RHB Juan Carlos Cruz 0-0: Ball
1-0: Ball
2-0: Ball
3-0: Called Strike
3-1: Foul Ball, location: 2F
3-2: SOLO HOME RUN (Flyball, 7D), Distance : 392 ft
Batting: RHB Ron Coffman 0-0: DOUBLE (Line Drive, 7LM)
Batting: RHB Henry Appleby 0-0: Fly out, F7 (Flyball, 7)
Batting: RHB Warner Robinson 0-0: Ball
1-0: Foul Ball, location: 2F
1-1: Ball
2-1: Ground out 5-3 (Groundball, 5L)
Bottom of the 3rd over - 1 run(s), 2 hit(s), 0 error(s), 1 left on base; Tacoma 0 - Casper 1
TOP OF THE 4TH
Tacoma Fur Traders batting - Pitching for Casper Ghosts : RHP Jeremy de Vos
Batting: RHB Rubén Alvarado 0-0: SINGLE (Line Drive, 4D)
Batting: RHB Luis Flores 0-0: Called Strike
0-1: Ball
1-1: Ball
2-1: Grounds into double play, 4-6-3 (Groundball, 34)
Batting: RHB Iván Rodríguez 0-0: Called Strike
0-1: Ball
1-1: Foul Ball, location: 2F
1-2: SINGLE (Flyball, 9S)
Batting: LHB Michael Whorton 0-0: Called Strike
0-1: Foul Ball, location: 2F
0-2: Ball
1-2: Ball
2-2: Foul Ball, location: 2F
2-2: DOUBLE (Line Drive, 89M)
Iván Rodríguez to third
Batting: RHB Tim Lehman 0-0: Ball
1-0: Swinging Strike
1-1: Ball
2-1: SINGLE (Groundball, 6MD)
Iván Rodríguez scores
Michael Whorton to third
Runner from 3rd tries for Home, SAFE, no throw
Batting: RHB Rex Long 0-0: Ball
1-0: Ball
2-0: Called Strike
2-1: Foul Ball, location: 2F
2-2: Fielders Choice at 2nd, 6-4 (Groundball, 56)
Top of the 4th over - 2 run(s), 4 hit(s), 0 error(s), 0 left on base; Tacoma 2 - Casper 1
BOTTOM OF THE 4TH
Casper Ghosts batting - Pitching for Tacoma Fur Traders : RHP Woo-suk Cho
Batting: SHB Tim Fowler 0-0: Ground out 3-1 (Groundball, 34)
Batting: RHB Manny Maltby 0-0: Ball
1-0: Ground out 6-3 (Groundball, 6)
Batting: SHB José Juárez 0-0: Called Strike
0-1: Called Strike
0-2: Ball
1-2: Ball
2-2: Ball
3-2: SINGLE (Flyball, 8LS)
Batting: RHB Félix Ramos 0-0: Ball
1-0: Ball
2-0: Ball
3-0: Base on Balls
José Juárez to second
Batting: RHB Dave Young 0-0: Ball
1-0: Swinging Strike
1-1: Foul Ball, location: 2F
1-2: Ball
2-2: SINGLE (Groundball, 34D)
José Juárez to third
Félix Ramos to second
Runner from 3rd tries for Home, SAFE, no throw
Batting: RHB Juan Carlos Cruz 0-0: Ball
1-0: SINGLE (Groundball, 6) (infield hit)
Félix Ramos to third
Dave Young to second
Batting: RHB Ron Coffman 0-0: Ball
1-0: Swinging Strike
1-1: Foul Ball, location: 2F
1-2: Ball
2-2: Fly out, F9 (Flyball, 9)
Bottom of the 4th over - 1 run(s), 3 hit(s), 0 error(s), 3 left on base; Tacoma 2 - Casper 2
TOP OF THE 5TH
Tacoma Fur Traders batting - Pitching for Casper Ghosts : RHP Jeremy de Vos
Batting: SHB Vicente Pueblo 0-0: Ball
1-0: Ball
2-0: Ball
3-0: Base on Balls
Batting: RHB Andy Moore 0-0: Bunted foul
0-1: Ball
1-1: Bunted foul
1-2: Ball
2-2: Ball
3-2: Ground out 5-3 (Groundball, 5L)
Vicente Pueblo to second
Batting: RHB Jenkins Hall 0-0: Ball
1-0: Called Strike
1-1: Ball
2-1: 2-RUN HOME RUN (Line Drive, 7D), Distance : 384 ft
Batting: RHB Rubén Alvarado 0-0: Foul Ball, location: 2F
0-1: Swinging Strike
0-2: Foul Ball, location: 2F
0-2: Foul Ball, location: 2F
0-2: Ball
1-2: Ball
2-2: Strikes out swinging
Batting: RHB Luis Flores 0-0: Ball
1-0: Ball
2-0: Ball
3-0: Base on Balls
Batting: RHB Iván Rodríguez 0-0: Ball
Pickoff Throw by Catcher to First - Out!
Top of the 5th over - 2 run(s), 1 hit(s), 0 error(s), 0 left on base; Tacoma 4 - Casper 2
BOTTOM OF THE 5TH
Casper Ghosts batting - Pitching for Tacoma Fur Traders : RHP Woo-suk Cho
Batting: RHB Henry Appleby 0-0: Ball
1-0: Ball
2-0: Ball
3-0: Called Strike
3-1: Foul Ball, location: 2F
3-2: Ground out 6-3 (Groundball, 6D)
Batting: RHB Warner Robinson 0-0: Fly out, F4 (Popup, 4D)
Batting: SHB Tim Fowler 0-0: Called Strike
0-1: Foul Ball, location: 2F
0-2: SINGLE (Groundball, 4MD)
Batting: RHB Manny Maltby 0-0: Ball
1-0: Fielders Choice at 2nd, 5-4 (Groundball, 56)
Bottom of the 5th over - 0 run(s), 1 hit(s), 0 error(s), 0 left on base; Tacoma 4 - Casper 2
TOP OF THE 6TH
Tacoma Fur Traders batting - Pitching for Casper Ghosts : RHP Jeremy de Vos
Batting: RHB Iván Rodríguez 0-0: Reached on error, E5 (Groundball, 56)
Batting: LHB Michael Whorton 0-0: Ball
1-0: Bunted foul
1-1: Sac Bunt - play at second, runner OUT! 3-6
Batting: RHB Tim Lehman 0-0: Ball
1-0: Ball
2-0: Ball
Michael Whorton steals 2nd base
3-0: Called Strike
3-1: DOUBLE (Line Drive, 78D)
Michael Whorton scores
Batting: RHB Rex Long 0-0: Called Strike
0-1: Ball
1-1: Ball
2-1: SINGLE (Groundball, 56D)
Tim Lehman to third
Runner from 3rd tries for Home, SAFE, no throw
Pitching: RHP Earl Simmons
Batting: SHB Vicente Pueblo 0-0: Ball
1-0: Swinging Strike
1-1: Foul Ball, location: 2F
1-2: Strikes out swinging
Batting: RHB Andy Moore 0-0: Ball
1-0: Fly out, F8 (Flyball, 8RM)
Top of the 6th over - 2 run(s), 2 hit(s), 1 error(s), 1 left on base; Tacoma 6 - Casper 2
BOTTOM OF THE 6TH
Casper Ghosts batting - Pitching for Tacoma Fur Traders : RHP Woo-suk Cho
Batting: SHB José Juárez 0-0: Ball
1-0: Called Strike
1-1: Ball
2-1: Fly out, F9 (Line Drive, 9)
Batting: RHB Félix Ramos 0-0: Ball
1-0: Fly out, F8 (Flyball, 8LM)
Batting: RHB Dave Young 0-0: Foul Ball, location: 2F
0-1: Ball
1-1: Ball
2-1: Ball
3-1: Foul Ball, location: 2F
3-2: Foul Ball, location: 2F
3-2: Foul Ball, location: 2F
3-2: Ground out 5-3 (Groundball, 56)
Bottom of the 6th over - 0 run(s), 0 hit(s), 0 error(s), 0 left on base; Tacoma 6 - Casper 2
TOP OF THE 7TH
Tacoma Fur Traders batting - Pitching for Casper Ghosts : RHP Earl Simmons
Batting: RHB Jenkins Hall 0-0: Ball
1-0: Ball
2-0: Foul Ball, location: 2F
2-1: Foul Ball, location: 2F
2-2: Fly out, F4 (Line Drive, 4)
Batting: RHB Rubén Alvarado 0-0: Ball
1-0: Foul Ball, location: 2F
1-1: Ball
2-1: Swinging Strike
2-2: Strikes out swinging
Batting: RHB Luis Flores 0-0: Called Strike
0-1: Ball
1-1: Swinging Strike
1-2: Ball
2-2: Strikes out swinging
Top of the 7th over - 0 run(s), 0 hit(s), 0 error(s), 0 left on base; Tacoma 6 - Casper 2
BOTTOM OF THE 7TH
Casper Ghosts batting - Pitching for Tacoma Fur Traders : RHP Woo-suk Cho
Batting: RHB Juan Carlos Cruz 0-0: Ball
1-0: SINGLE (Flyball, 89S)
Batting: RHB Ron Coffman 0-0: Fly out, F7 (Flyball, 7D)
Batting: RHB Henry Appleby 0-0: Ball
1-0: Called Strike
1-1: Fly out, F8 (Line Drive, 8LS)
Batting: RHB Warner Robinson 0-0: Foul Ball, location: 2F
0-1: Ball
1-1: Foul Ball, location: 2F
1-2: SINGLE (Groundball, 6MD)
Juan Carlos Cruz to second
Runner from 2nd tries for 3rd, SAFE, throw made to third
Batting: SHB Tim Fowler 0-0: Ball
1-0: Called Strike
1-1: Called Strike
1-2: Ball
2-2: Fielders Choice at 2nd, 4-6 (Groundball, 4)
Bottom of the 7th over - 0 run(s), 2 hit(s), 0 error(s), 1 left on base; Tacoma 6 - Casper 2
TOP OF THE 8TH
Tacoma Fur Traders batting - Pitching for Casper Ghosts : RHP Earl Simmons
Batting: RHB Iván Rodríguez 0-0: Called Strike
0-1: Ball
1-1: Ball
2-1: Foul Ball, location: 2F
2-2: Foul Ball, location: 2F
2-2: Ground out 6-3 (Groundball, 6)
Batting: LHB Michael Whorton 0-0: Ball
1-0: Foul Ball, location: 2F
1-1: Ball
2-1: TRIPLE (Line Drive, 9LS)
Batting: RHB Tim Lehman 0-0: Called Strike
0-1: Ball
1-1: Ball
2-1: Ball
3-1: Fly out, F8 (Flyball, 89M)
Runner from 3rd tags up, SCORES, no throw
Batting: RHB Rex Long 0-0: Ball
1-0: Ball
2-0: Ball
3-0: Base on Balls
Batting: SHB Vicente Pueblo 0-0: Ball
1-0: Ball
2-0: Ball
3-0: Called Strike
3-1: Foul Ball, location: 2F
3-2: Foul Ball, location: 2F
3-2: Ground out 4-3 (Groundball, 34)
Top of the 8th over - 1 run(s), 1 hit(s), 0 error(s), 1 left on base; Tacoma 7 - Casper 2
BOTTOM OF THE 8TH
Casper Ghosts batting - Pitching for Tacoma Fur Traders : RHP Woo-suk Cho
Batting: RHB Manny Maltby 0-0: Ground out 3-1 (Groundball, 34S)
Batting: SHB José Juárez 0-0: Ball
1-0: Ball
2-0: Called Strike
2-1: Ball
3-1: Base on Balls
Batting: RHB Félix Ramos 0-0: Called Strike
0-1: DOUBLE (Groundball, 3L)
José Juárez to third
Batting: RHB Dave Young 0-0: TRIPLE (Groundball, 3L)
José Juárez scores
Félix Ramos scores
Batting: RHB Juan Carlos Cruz 0-0: Ball
1-0: Fly out, F7 (Flyball, 7LDF)
Runner from 3rd tags up, SCORES, no throw
Batting: RHB Ron Coffman 0-0: Called Strike
0-1: Ball
1-1: Ball
2-1: SINGLE (Flyball, 9LM)
Batting: RHB Henry Appleby 0-0: Called Strike
0-1: Ball
1-1: Called Strike
1-2: Ball
2-2: Ground out 6-3 (Groundball, 6S)
Bottom of the 8th over - 3 run(s), 3 hit(s), 0 error(s), 1 left on base; Tacoma 7 - Casper 5
TOP OF THE 9TH
Tacoma Fur Traders batting - Pitching for Casper Ghosts : RHP Earl Simmons
Pitching: RHP Jim Unknown
Batting: RHB Andy Moore 0-0: Ball
1-0: Called Strike
1-1: Foul Ball, location: 2F
1-2: Foul Ball, location: 2F
1-2: Foul Ball, location: 2F
1-2: Ball
2-2: Fly out, F9 (Flyball, 9LMF)
Batting: RHB Jenkins Hall 0-0: Called Strike
0-1: Called Strike
0-2: Ball
1-2: Foul Ball, location: 2F
1-2: Foul Ball, location: 2F
1-2: Ground out 6-3 (Groundball, 6)
Batting: RHB Rubén Alvarado 0-0: Ball
1-0: Called Strike
1-1: Fly out, F7 (Flyball, 7LMF)
Top of the 9th over - 0 run(s), 0 hit(s), 0 error(s), 0 left on base; Tacoma 7 - Casper 5
BOTTOM OF THE 9TH
Casper Ghosts batting - Pitching for Tacoma Fur Traders : RHP Woo-suk Cho
Pitching: LHP Lonnie Barrett
Batting: RHB Warner Robinson 0-0: Called Strike
0-1: Ball
1-1: Fly out, F8 (Flyball, 8RM)
Batting: SHB Tim Fowler 0-0: Ball
1-0: Called Strike
1-1: Ball
2-1: SINGLE (Groundball, 4MD)
Pinch Hitting: RHB Freddy Carea 0-0: Called Strike
0-1: Fly out, F7 (Flyball, 7LSF)
Batting: SHB José Juárez 0-0: Foul Ball, location: 2F
0-1: Ball
1-1: Ball
2-1: Ball
3-1: Fly out, F1 (Line Drive, 13S)
Bottom of the 9th over - 0 run(s), 1 hit(s), 0 error(s), 1 left on base; Tacoma 7 - Casper 5
Friday, December 30th, 2016 - OOTP Baseball 17.12 Build 75